General information
- name: BNet
- type: Ladder team game (AT/RT)
- host: Battle.net
- saver: sporkconspiracy
map: Feralas_LV
- players: 8
- length: 45:58
- speed: Fast
- version: 1.29 W3XP
- replay type: Public
» download(449 KB)
Players
team 1 (loser)
ShaggyDI (
pink | 40 APM | 1826 actions | 45:56)
7 Mountain King
3 Storm Bolt
3 Bash
1 Avatar
5 Paladin
3 Holy Light
2 Divine Shield
1 Keeper of the Grove
1 Entangling Roots
» actions
| Assign group hotkey | 2 | |
| Basic commands | 50 | |
| Build / train | 119 | |
| ESC pressed | 2 | |
| Enter build submenu | 37 | |
| Enter hero's abilities submenu | 13 | |
| Give item / drop item | 8 | |
| Right click | 749 | |
| Select / deselect | 657 | |
| Select group hotkey | 11 | |
| Use ability | 178 | |
1826 total
» units
| Peasant | 20 | |
| Rifleman | 14 | |
| Forest Troll Shadow Priest | 1 | |
| Hippogryph | 12 | |
| Archer | 14 | |
| Wisp | 3 | |
| Huntress | 4 | |
68 total
» upgrades
| Gunpowder | 2 | |
| Armor | 2 | |
| Long Rifles | 1 | |
| Lumber Harvesting | 1 | |
| Masonry | 1 | |
7 total
» buildings
| Altar of Kings | 2 | |
| Blacksmith | 2 | |
| Farm | 10 | |
| Barracks | 2 | |
| Arcane Vault | 1 | |
| Lumber Mill | 1 | |
| Town Hall | 3 | |
| Keep | 2 | |
| Castle | 1 | |
| Moon Well | 12 | |
| Tree of Life | 2 | |
38 total
» build order
01:05 Altar of Kings
01:07 Blacksmith
01:09 Farm
01:11 Barracks
01:19 Farm
02:18 Farm
02:33 Farm
04:26 Farm
04:56 Farm
04:59 Arcane Vault
05:04 Lumber Mill
06:37 Town Hall
06:42 Keep
13:01 Castle
14:36 Farm
14:37 Farm
14:38 Farm
14:39 Farm
19:13 Moon Well
20:24 Moon Well
20:27 Moon Well
20:28 Moon Well
20:30 Moon Well
20:32 Moon Well
22:44 Tree of Life
22:48 Moon Well
22:52 Moon Well
22:53 Moon Well
22:54 Moon Well
22:57 Moon Well
23:56 Moon Well
25:14 Town Hall
29:49 Tree of Life
30:24 Keep
32:02 Town Hall
35:15 Barracks
35:17 Altar of Kings
35:19 Blacksmith
» items
| Lesser Clarity Potion | 9 | |
| Scroll of Regeneration | 3 | |
| Boots of Speed | 1 | |
| Potion of Lesser Invulnerability | 1 | |
| Potion of Healing | 4 | |
| Potion of Mana | 3 | |
| Scroll of Town Portal | 3 | |
| Healing Salve | 1 | |
| Orb of Lightning | 1 | |
26 total
Kozakisor90 (
blue | 60 APM | 2759 actions | 45:56)
10 Blademaster
3 Wind Walk
3 Critical Strike
1 Bladestorm
3 Mirror Image
» actions
| Assign group hotkey | 61 | |
| Basic commands | 231 | |
| Build / train | 103 | |
| Enter build submenu | 47 | |
| Enter hero's abilities submenu | 10 | |
| Give item / drop item | 11 | |
| Remove unit from queue | 1 | |
| Right click | 1245 | |
| Select / deselect | 475 | |
| Select group hotkey | 361 | |
| Use ability | 213 | |
2759 total
» units
| Peon | 18 | |
| Grunt | 4 | |
| Demolisher | 4 | |
| Troll Batrider | 13 | |
| Wind Rider | 4 | |
43 total
» upgrades
| Reinforced Defenses | 1 | |
| Ranged Weapons | 3 | |
| Armor | 3 | |
| Liquid Fire | 1 | |
| Troll Regeneration | 1 | |
9 total
» buildings
| Orc Burrow | 7 | |
| Altar of Storms | 1 | |
| Barracks | 1 | |
| Stronghold | 1 | |
| Voodoo Lounge | 4 | |
| War Mill | 2 | |
| Great Hall | 3 | |
| Watch Tower | 25 | |
| Fortress | 1 | |
| Beastiary | 4 | |
49 total
» build order
00:10 Orc Burrow
01:00 Orc Burrow
01:02 Altar of Storms
01:04 Barracks
02:38 Stronghold
03:28 Voodoo Lounge
03:51 War Mill
04:20 Orc Burrow
05:03 Great Hall
05:33 Great Hall
06:05 Watch Tower
06:05 Watch Tower
06:05 Watch Tower
06:06 Watch Tower
07:04 Fortress
08:48 Watch Tower
08:49 Watch Tower
08:49 Watch Tower
08:49 Watch Tower
10:41 War Mill
11:19 Orc Burrow
11:21 Orc Burrow
12:05 Watch Tower
12:06 Watch Tower
12:07 Watch Tower
12:08 Watch Tower
13:25 Watch Tower
13:25 Watch Tower
13:26 Watch Tower
13:26 Watch Tower
13:27 Voodoo Lounge
13:28 Voodoo Lounge
13:41 Beastiary
13:42 Beastiary
13:46 Beastiary
13:47 Beastiary
15:11 Orc Burrow
22:24 Watch Tower
22:25 Watch Tower
22:25 Watch Tower
22:26 Watch Tower
23:41 Great Hall
23:44 Watch Tower
23:45 Watch Tower
23:45 Watch Tower
25:09 Voodoo Lounge
29:58 Orc Burrow
» items
| Healing Salve | 5 | |
| Scroll of Town Portal | 7 | |
| Lesser Clarity Potion | 7 | |
| Potion of Mana | 7 | |
| Orb of Lightning | 2 | |
| Potion of Healing | 2 | |
| Periapt of Vitality | 2 | |
| Staff of Teleportation | 1 | |
| Potion of Lesser Invulnerability | 2 | |
| Tiny Great Hall | 2 | |
37 total

»
RetsamtSaeb (
yellow | 77 APM | 2852 actions | 36:50)
6 Firelord
3 Summon Lava Spawn
2 Incinerate
1 Volcano
4 Shadow Hunter
2 Serpent Ward
2 Healing Wave
3 Far Seer
2 Feral Spirit
1 Chain Lighting
» actions
| Assign group hotkey | 58 | |
| Basic commands | 110 | |
| Build / train | 140 | |
| ESC pressed | 3 | |
| Enter build submenu | 37 | |
| Enter hero's abilities submenu | 14 | |
| Give item / drop item | 4 | |
| Remove unit from queue | 9 | |
| Right click | 1303 | |
| Select / deselect | 684 | |
| Select group hotkey | 293 | |
| Use ability | 197 | |
2852 total
» units
| Peon | 19 | |
| Grunt | 16 | |
| Forest Troll Shadow Priest | 2 | |
| Forest Troll Berserker | 2 | |
| Shaman | 8 | |
| Kodo Beast | 3 | |
| Troll Witch Doctor | 11 | |
| Tauren | 5 | |
| Troll Batrider | 3 | |
69 total
» upgrades
| Pillage | 1 | |
| Melee Weapons | 2 | |
| Armor | 3 | |
| Berserker Strength | 1 | |
| Shaman Training | 2 | |
| War Drums Damage Increase | 1 | |
| Witch Doctor Training | 2 | |
| Berserker Upgrade | 0 | |
| Pulverize | 1 | |
| Ensnare | 1 | |
| Spiked Barricades | 0 | |
| Reinforced Defenses | 1 | |
| Ranged Weapons | 2 | |
17 total
» buildings
| Barracks | 1 | |
| Orc Burrow | 7 | |
| Altar of Storms | 1 | |
| Voodoo Lounge | 2 | |
| Stronghold | 1 | |
| War Mill | 2 | |
| Great Hall | 4 | |
| Fortress | 2 | |
| Spirit Lodge | 2 | |
| Beastiary | 1 | |
| Tauren Totem | 1 | |
| Watch Tower | 13 | |
37 total
» build order
00:06 Barracks
00:17 Orc Burrow
00:51 Altar of Storms
01:27 Orc Burrow
02:02 Voodoo Lounge
03:03 Orc Burrow
04:46 Stronghold
04:53 War Mill
05:10 Great Hall
05:20 Orc Burrow
09:03 Fortress
09:03 Fortress
09:53 Great Hall
10:16 Great Hall
10:51 Spirit Lodge
12:13 Spirit Lodge
13:02 Beastiary
14:50 Tauren Totem
14:54 Orc Burrow
14:58 Orc Burrow
15:57 Watch Tower
15:59 Watch Tower
16:03 Watch Tower
21:40 Watch Tower
21:41 Watch Tower
21:42 Watch Tower
22:17 Watch Tower
22:20 Watch Tower
22:53 Watch Tower
22:59 Watch Tower
23:01 Watch Tower
25:40 Great Hall
28:14 War Mill
29:47 Orc Burrow
31:36 Watch Tower
35:12 Watch Tower
35:21 Voodoo Lounge
» items
| Healing Salve | 3 | |
| Lesser Clarity Potion | 2 | |
| Scroll of Town Portal | 1 | |
| Scroll of Speed | 1 | |
7 total

»
Yondur (
purple | 44 APM | 606 actions | 13:51)
4 Keeper of the Grove
2 Entangling Roots
2 Force of Nature
1 Priestess of the Moon
1 Trueshot Aura
» actions
| Basic commands | 55 | |
| Build / train | 54 | |
| Enter build submenu | 14 | |
| Enter hero's abilities submenu | 5 | |
| Give item / drop item | 2 | |
| Right click | 228 | |
| Select / deselect | 206 | |
| Use ability | 42 | |
606 total
» units
| Wisp | 19 | |
| Archer | 12 | |
| Hippogryph | 7 | |
38 total
» upgrades
| Strength of the Moon | 2 | |
| Improved Bows | 1 | |
| Hippogryph Taming | 1 | |
| Moon Armor | 1 | |
| Marksmanship | 1 | |
6 total
» buildings
| Altar of Elders | 1 | |
| Moon Well | 5 | |
| Ancient of War | 2 | |
| Hunter's Hall | 1 | |
| Tree of Ages | 1 | |
| Ancient of Wonders | 1 | |
| Tree of Life | 1 | |
| Tree of Eternity | 1 | |
| Ancient of Wind | 2 | |
15 total
» build order
00:11 Altar of Elders
00:15 Moon Well
00:26 Ancient of War
01:43 Moon Well
02:10 Ancient of War
02:46 Hunter's Hall
03:47 Moon Well
04:41 Tree of Ages
04:51 Moon Well
04:58 Ancient of Wonders
05:08 Moon Well
06:10 Tree of Life
07:46 Tree of Eternity
07:53 Ancient of Wind
07:54 Ancient of Wind
» items
team 2 (winner)

»
reI0r-XXII (
green | 73 APM | 1745 actions | 23:52)
5 Keeper of the Grove
2 Force of Nature
3 Entangling Roots
3 Priestess of the Moon
2 Trueshot Aura
1 Scout
» actions
| Assign group hotkey | 70 | |
| Basic commands | 176 | |
| Build / train | 75 | |
| ESC pressed | 4 | |
| Enter build submenu | 23 | |
| Enter hero's abilities submenu | 8 | |
| Give item / drop item | 2 | |
| Right click | 384 | |
| Select / deselect | 642 | |
| Select group hotkey | 262 | |
| Use ability | 99 | |
1745 total
» units
| Wisp | 22 | |
| Archer | 8 | |
| Hippogryph | 8 | |
| Chimaera | 3 | |
| Druid of the Talon | 2 | |
43 total
» upgrades
| Druid of the Talon Training | 1 | |
| Corrosive Breath | 1 | |
2 total
» buildings
| Altar of Elders | 2 | |
| Moon Well | 5 | |
| Ancient of War | 2 | |
| Tree of Life | 6 | |
| Tree of Ages | 2 | |
| Ancient of Wonders | 1 | |
| Tree of Eternity | 2 | |
| Ancient of Wind | 2 | |
| Chimaera Roost | 4 | |
26 total
» build order
00:02 Altar of Elders
00:05 Altar of Elders
00:18 Moon Well
00:33 Ancient of War
01:33 Moon Well
03:11 Tree of Life
03:42 Tree of Ages
03:42 Tree of Ages
03:51 Moon Well
04:42 Ancient of Wonders
05:39 Ancient of War
05:46 Moon Well
06:05 Tree of Eternity
06:06 Tree of Eternity
07:01 Ancient of Wind
08:45 Chimaera Roost
08:46 Chimaera Roost
08:52 Chimaera Roost
09:05 Chimaera Roost
09:42 Tree of Life
10:51 Ancient of Wind
10:58 Moon Well
12:34 Tree of Life
14:55 Tree of Life
16:52 Tree of Life
16:58 Tree of Life
» items
| Potion of Healing | 5 | |
| Scroll of Town Portal | 7 | |
| Potion of Mana | 2 | |
| Scroll of Regeneration | 1 | |
15 total

»
Kingofgames123 (
orange | 44 APM | 1237 actions | 27:57)
5 Death Knight
3 Death Coil
2 Unholy Aura
3 Lich
2 Frost Nova
1 Frost Armor
» actions
| Assign group hotkey | 19 | |
| Build / train | 67 | |
| Enter build submenu | 28 | |
| Enter hero's abilities submenu | 8 | |
| Remove unit from queue | 1 | |
| Right click | 528 | |
| Select / deselect | 265 | |
| Select group hotkey | 254 | |
| Use ability | 67 | |
1237 total
» units
| Acolyte | 15 | |
| Ghoul | 4 | |
| Crypt Fiend | 9 | |
| Frost Wyrm | 10 | |
38 total
» upgrades
| Creature Attack | 3 | |
| Creature Carapace | 2 | |
| Freezing Breath | 1 | |
| Web | 1 | |
7 total
» buildings
| Altar of Darkness | 1 | |
| Crypt | 1 | |
| Ziggurat | 16 | |
| Graveyard | 1 | |
| Halls of the Dead | 1 | |
| Tomb of Relics | 1 | |
| Black Citadel | 1 | |
| Sacrificial Pit | 1 | |
| Boneyard | 2 | |
| Spirit Tower | 5 | |
| Nerubian Tower | 2 | |
| Necropolis | 1 | |
33 total
» build order
00:04 Altar of Darkness
00:11 Crypt
00:14 Ziggurat
01:25 Graveyard
02:18 Halls of the Dead
02:46 Ziggurat
02:49 Ziggurat
03:02 Tomb of Relics
03:33 Ziggurat
05:08 Black Citadel
05:51 Sacrificial Pit
05:54 Ziggurat
06:37 Ziggurat
09:27 Boneyard
09:28 Boneyard
09:58 Ziggurat
10:10 Ziggurat
10:13 Ziggurat
10:18 Ziggurat
10:21 Ziggurat
10:50 Spirit Tower
11:05 Spirit Tower
11:06 Spirit Tower
11:12 Spirit Tower
11:13 Nerubian Tower
12:03 Ziggurat
12:05 Ziggurat
13:15 Nerubian Tower
13:19 Spirit Tower
16:59 Ziggurat
17:02 Ziggurat
17:29 Ziggurat
23:32 Necropolis
» items
sporkconspiracy (
teal | 123 APM | 5656 actions | 45:58)
6 Archmage
3 Summon Water Elemental
2 Brilliance Aura
1 Mass Teleport
5 Mountain King
3 Storm Bolt
2 Bash
4 Paladin
2 Holy Light
2 Devotion Aura
» actions
| Assign group hotkey | 120 | |
| Basic commands | 214 | |
| Build / train | 197 | |
| Enter build submenu | 71 | |
| Enter hero's abilities submenu | 16 | |
| Give item / drop item | 15 | |
| Right click | 1879 | |
| Select / deselect | 1022 | |
| Select group hotkey | 1730 | |
| Use ability | 392 | |
5656 total
» units
| Peasant | 14 | |
| Footman | 4 | |
| Rifleman | 11 | |
| Priest | 3 | |
| Gryphon Rider | 1 | |
| Knight | 1 | |
| Spell Breaker | 1 | |
| Sorceress | 2 | |
37 total
» upgrades
| Gunpowder | 3 | |
| Masonry | 3 | |
| Lumber Harvesting | 2 | |
| Long Rifles | 1 | |
| Armor | 3 | |
| Priest Training | 2 | |
| Sorceress Training | 2 | |
| Swords | 3 | |
| Animal War Training | 1 | |
| Cloud | 1 | |
| Storm Hammers | 1 | |
| Plating | 3 | |
| Control Magic | 1 | |
| Magic Sentry | 1 | |
| Fragmentation Shards | 1 | |
| Barrage | 1 | |
29 total
» buildings
| Barracks | 2 | |
| Altar of Kings | 1 | |
| Farm | 12 | |
| Arcane Vault | 1 | |
| Keep | 2 | |
| Town Hall | 1 | |
| Scout Tower | 41 | |
| Blacksmith | 1 | |
| Arcane Tower | 4 | |
| Lumber Mill | 1 | |
| Guard Tower | 52 | |
| Castle | 2 | |
| Arcane Sanctum | 2 | |
| Gryphon Aviary | 4 | |
| Workshop | 2 | |
128 total
» build order
00:48 Barracks
00:51 Altar of Kings
00:53 Farm
01:05 Farm
01:13 Farm
01:45 Farm
02:00 Arcane Vault
02:46 Farm
03:48 Keep
03:48 Keep
04:20 Town Hall
04:22 Scout Tower
04:24 Scout Tower
04:46 Blacksmith
04:57 Arcane Tower
04:57 Arcane Tower
05:10 Lumber Mill
05:20 Scout Tower
06:30 Guard Tower
06:31 Guard Tower
06:36 Scout Tower
06:38 Scout Tower
07:00 Castle
07:00 Castle
07:46 Guard Tower
07:46 Guard Tower
09:55 Arcane Sanctum
09:57 Arcane Sanctum
10:05 Scout Tower
10:06 Scout Tower
12:56 Scout Tower
12:57 Scout Tower
12:58 Scout Tower
12:59 Scout Tower
13:28 Guard Tower
13:28 Guard Tower
13:29 Guard Tower
13:55 Gryphon Aviary
13:57 Gryphon Aviary
14:04 Farm
14:48 Guard Tower
14:48 Guard Tower
14:48 Guard Tower
14:48 Guard Tower
16:21 Farm
16:22 Farm
16:33 Gryphon Aviary
18:21 Gryphon Aviary
18:24 Farm
18:30 Farm
19:04 Guard Tower
19:04 Guard Tower
19:04 Guard Tower
20:09 Farm
20:13 Scout Tower
20:14 Scout Tower
20:20 Scout Tower
20:43 Scout Tower
20:48 Guard Tower
20:48 Guard Tower
20:49 Guard Tower
20:49 Guard Tower
20:52 Scout Tower
20:55 Scout Tower
21:05 Guard Tower
21:05 Guard Tower
21:20 Scout Tower
21:21 Scout Tower
21:25 Guard Tower
21:25 Guard Tower
21:31 Guard Tower
21:31 Guard Tower
21:32 Guard Tower
21:32 Guard Tower
21:33 Scout Tower
21:36 Scout Tower
21:49 Scout Tower
22:01 Guard Tower
22:01 Guard Tower
22:04 Scout Tower
22:05 Scout Tower
22:49 Guard Tower
22:49 Guard Tower
22:49 Guard Tower
22:49 Guard Tower
22:52 Scout Tower
22:53 Scout Tower
22:55 Scout Tower
22:57 Scout Tower
23:01 Scout Tower
23:18 Farm
23:32 Guard Tower
23:32 Guard Tower
23:33 Guard Tower
23:34 Guard Tower
23:34 Guard Tower
23:36 Scout Tower
23:45 Scout Tower
23:55 Scout Tower
24:10 Guard Tower
24:11 Guard Tower
24:11 Guard Tower
24:32 Guard Tower
24:32 Guard Tower
24:44 Guard Tower
24:44 Guard Tower
26:33 Barracks
28:37 Workshop
39:36 Scout Tower
39:37 Scout Tower
39:42 Scout Tower
39:42 Scout Tower
39:51 Scout Tower
39:52 Scout Tower
40:18 Arcane Tower
40:19 Guard Tower
40:19 Guard Tower
40:23 Arcane Tower
40:23 Guard Tower
40:23 Guard Tower
40:33 Scout Tower
40:34 Scout Tower
41:02 Workshop
41:16 Guard Tower
41:16 Guard Tower
41:27 Scout Tower
42:14 Guard Tower
42:14 Guard Tower
» items
| Scroll of Regeneration | 7 | |
| Mechanical Critter | 3 | |
| Potion of Lesser Invulnerability | 3 | |
| Scroll of Healing | 1 | |
| Potion of Invisibility | 5 | |
| Boots of Speed | 2 | |
| Potion of Healing | 1 | |
| Scroll of Town Portal | 3 | |
| Staff of Sanctuary | 1 | |
| Orb of Fire | 2 | |
| Lesser Clarity Potion | 1 | |
| Ivory Tower | 2 | |
| Staff of Teleportation | 3 | |
| Periapt of Vitality | 2 | |
| Orb of Corruption | 1 | |
37 total
stable_genius (
red | 138 APM | 3869 actions | 27:59)
5 Archmage
3 Summon Water Elemental
2 Brilliance Aura
2 Mountain King
1 Storm Bolt
1 Thunder Clap
» actions
| Assign group hotkey | 53 | |
| Basic commands | 91 | |
| Build / train | 129 | |
| ESC pressed | 1 | |
| Enter build submenu | 52 | |
| Enter hero's abilities submenu | 8 | |
| Give item / drop item | 1 | |
| Right click | 1458 | |
| Select / deselect | 694 | |
| Select group hotkey | 1232 | |
| Use ability | 148 | |
3869 total
» units
| Peasant | 17 | |
| Footman | 14 | |
| Mortar Team | 14 | |
| Siege Engine | 2 | |
| Spell Breaker | 8 | |
55 total
» upgrades
| Masonry | 3 | |
| Defend | 1 | |
| Lumber Harvesting | 2 | |
| Gunpowder | 1 | |
| Fragmentation Shards | 1 | |
| Magic Sentry | 1 | |
| Armor | 1 | |
| Flare | 1 | |
11 total
» buildings
| Altar of Kings | 1 | |
| Farm | 12 | |
| Barracks | 1 | |
| Scout Tower | 19 | |
| Town Hall | 1 | |
| Lumber Mill | 1 | |
| Arcane Tower | 3 | |
| Arcane Vault | 1 | |
| Keep | 2 | |
| Guard Tower | 24 | |
| Blacksmith | 1 | |
| Workshop | 2 | |
| Castle | 2 | |
| Arcane Sanctum | 1 | |
71 total
» build order
00:07 Altar of Kings
00:18 Farm
00:20 Barracks
00:49 Farm
01:33 Farm
01:56 Scout Tower
03:14 Town Hall
03:18 Scout Tower
03:34 Lumber Mill
04:05 Arcane Tower
04:05 Arcane Tower
04:38 Arcane Vault
05:09 Keep
05:09 Keep
05:24 Farm
05:25 Scout Tower
05:55 Arcane Tower
05:57 Guard Tower
05:57 Guard Tower
06:00 Scout Tower
06:02 Scout Tower
06:10 Scout Tower
06:30 Guard Tower
06:30 Guard Tower
06:32 Scout Tower
06:36 Guard Tower
06:36 Guard Tower
06:36 Guard Tower
06:38 Scout Tower
06:59 Blacksmith
07:07 Guard Tower
07:08 Guard Tower
07:09 Guard Tower
07:09 Guard Tower
07:13 Scout Tower
07:14 Scout Tower
07:38 Scout Tower
07:39 Scout Tower
07:39 Scout Tower
08:00 Guard Tower
08:00 Guard Tower
08:01 Guard Tower
08:01 Guard Tower
08:17 Guard Tower
08:18 Guard Tower
08:21 Workshop
09:04 Workshop
09:41 Castle
09:41 Castle
09:55 Scout Tower
10:24 Farm
10:26 Farm
10:30 Farm
10:30 Farm
10:31 Farm
10:48 Arcane Sanctum
11:10 Guard Tower
11:10 Guard Tower
13:07 Scout Tower
13:08 Scout Tower
14:37 Guard Tower
14:38 Guard Tower
17:23 Farm
17:23 Farm
17:24 Farm
20:51 Scout Tower
20:52 Scout Tower
20:52 Scout Tower
21:28 Guard Tower
21:28 Guard Tower
21:28 Guard Tower
» items
| Scroll of Regeneration | 2 | |
| Scroll of Town Portal | 4 | |
| Potion of Healing | 1 | |
| Ivory Tower | 3 | |
| Potion of Lesser Invulnerability | 4 | |
| Staff of Sanctuary | 1 | |
| Scroll of Healing | 1 | |
16 total
Chat log
(00:39 / Allies) Kingofgames123: fiends frosts
(00:52 / Allies) reI0r-XXII: ill chim hippo
(05:30 / All) Kozakisor90: lawl
(05:40 / All) Kozakisor90: I realized it was prob mirror
(05:43 / All) Kozakisor90: when I saw it was red health
(05:46 / All) Kozakisor90: but already was canceling
(06:53 / Allies) stable_genius: ill come green
(07:24 / Allies) stable_genius: shit
(08:10 / Allies) reI0r-XXII: got tps?
(10:07 / Allies) Kingofgames123: anyone got some spare gold?
(10:14 / Allies) Kingofgames123: ty
(10:28 / Allies) Kingofgames123: frosts here
(10:38 / Allies) reI0r-XXII: lil nig got lvl 5
(10:39 / Allies) reI0r-XXII: wtf
(12:13 / All) Kozakisor90: UR NOT THE BOSS OF ME NOW
(12:16 / All) Kozakisor90: UR NOT HTE BOSS OF ME NOW
(12:18 / All) Kozakisor90: AND UR NOT SO BIG!
(12:21 / Allies) stable_genius: tping
(12:21 / Allies) reI0r-XXII: fag
(13:37 / Allies) sporkconspiracy: lumber anyone?
(13:49 / All) Yondur: gg blue has no units have fun
(13:56 / All) Kozakisor90: lol wtf
(15:24 / Allies) sporkconspiracy: lumber anyone?
(15:35 / Allies) Kingofgames123: gold?
(15:48 / Allies) Kingofgames123: ty
(15:49 / Allies) sporkconspiracy: gold for lumb
(16:52 / Allies) sporkconspiracy: lumber?
(16:59 / Allies) sporkconspiracy: ty
(17:04 / Allies) Kingofgames123: gold lmao
(17:32 / Allies) Kingofgames123: bats incoming
(17:56 / Allies) Kingofgames123: blue has no units
(17:57 / Allies) Kingofgames123: kil him
(18:00 / Allies) sporkconspiracy: he hass mass towers
(18:02 / Allies) sporkconspiracy: hit soft bases
(18:07 / Allies) Kingofgames123: we have morts?
(18:11 / Allies) sporkconspiracy: hit soft bases
(18:12 / Allies) sporkconspiracy: blue sucks
(18:15 / Allies) sporkconspiracy: ignore him
(18:17 / Allies) sporkconspiracy: tower trash
(18:46 / Allies) Kingofgames123: well im fucked
(18:47 / Allies) Kingofgames123: ty
(18:50 / Allies) sporkconspiracy: by 1 hero
(18:52 / Allies) sporkconspiracy: not our fault
(19:13 / Allies) Kingofgames123: where are your units?
(19:22 / Allies) reI0r-XXII: got tps?
(19:23 / Allies) reI0r-XXII: gogo
(19:45 / Allies) stable_genius: green!?!
(19:50 / Allies) stable_genius: that was suicide
(19:59 / Allies) reI0r-XXII: hi guys
(20:06 / Allies) sporkconspiracy: lumber anyone?
(20:08 / Allies) reI0r-XXII: tp for some xp
(20:25 / Allies) sporkconspiracy: l;umber plz
(20:26 / Allies) reI0r-XXII: or not
(20:36 / Allies) Kingofgames123: id just die
(20:37 / Allies) reI0r-XXII: interesting game
(20:39 / Allies) sporkconspiracy: lumber
(20:57 / Allies) sporkconspiracy: lumber plz
(21:07 / Allies) sporkconspiracy: ty
(21:16 / Allies) Kingofgames123: well gg we lose
(21:20 / Allies) reI0r-XXII: fucking lol
(22:11 / Allies) reI0r-XXII: dude get gryphs
(22:12 / Allies) reI0r-XXII: inner fire
(22:14 / Allies) Kingofgames123: teal are you going to make units
(22:15 / Allies) Kingofgames123: or wtf
(22:19 / Allies) sporkconspiracy: lumber me and I will
(22:22 / Allies) sporkconspiracy: need more lumber
(22:26 / Allies) Kingofgames123: u have 1100.....
(22:33 / Allies) sporkconspiracy: well that's not very much
(22:39 / Allies) reI0r-XXII: are u special ?
(22:44 / Allies) sporkconspiracy: ?
(22:55 / Allies) reI0r-XXII: how much lumber do uwant
(23:02 / Allies) sporkconspiracy: a LOT
(23:12 / Allies) sporkconspiracy: I need extraordinary lumber reserves
(23:26 / Allies) reI0r-XXII: im about to leave u to ur lumber reserves
(23:39 / Allies) sporkconspiracy: give me lumber man
(23:40 / Allies) sporkconspiracy: I can win this
(23:41 / Allies) stable_genius: group>?
(23:48 / Allies) Kingofgames123: hes just towering...
(23:50 / Allies) reI0r-XXII: nah u cant
(24:01 / Allies) stable_genius: who has army?
(24:05 / Allies) Kingofgames123: just me and you
(24:08 / Allies) Kingofgames123: teal is massing towers
(24:19 / Allies) sporkconspiracy: red you are unstable
(24:20 / Allies) sporkconspiracy: you too oj
(24:21 / Allies) sporkconspiracy: quiet
(24:44 / Allies) Kingofgames123: theyre fucking bsing
(24:49 / Allies) Kingofgames123: no fcking way did he see my expo
(24:55 / Allies) sporkconspiracy: give me gold and lumber
(25:28 / Allies) sporkconspiracy: group and hit purp
(25:59 / Allies) stable_genius: care
(26:05 / Allies) stable_genius: care
(26:06 / Allies) stable_genius: care
(26:16 / Allies) stable_genius: run up teal
(27:55 / Allies) stable_genius: i think thats gg there
(35:43 / All) Kozakisor90: The cat is out of hte ba
(35:44 / All) Kozakisor90: g
(36:47 / All) RetsamtSaeb: bye tkers are scum
(45:45 / All) Kozakisor90: I don't know why purple started whining about 12 straight losses then pointed finger at me while we were find
(45:46 / All) Kozakisor90: fine
(45:55 / All) sporkconspiracy: LOL